 Dungeon Crawl Stone Soup version 0.17-a0-725-gfa8c127 (webtiles) character file.

100 xeno23 the Chiller (level 4, -2/30 HPs)
             Began as a Merfolk Ice Elementalist on Apr 20, 2015.
             Slain by a small abomination (12 damage)
             ... summoned by miscasting Summon Ice Beast
             ... on level 2 of the Dungeon.
             The game lasted 00:07:31 (2090 turns).

xeno23 the Chiller (Merfolk Ice Elementalist)       Turns: 2090, Time: 00:07:31

Health: -2/30      AC:  2    Str:  8    XL:     4   Next: 73%
Magic:  6/7        EV: 13    Int: 15    God:
Gold:   91         SH:  0    Dex: 14    Spells: 2 memorised, 2 levels left

rFire  . . .     SeeInvis .     o - +3 dagger
rCold  . . .     Clarity  .     a - +0 robe
rNeg   . . .     SustAb   .     (no shield)
rPois  .         Gourm    .     (no helmet)
rElec  .         Spirit   .     (no cloak)
rCorr  .         Warding  .     (no gloves)
rMut   .         Stasis   .     (no boots)
MR     .....                    (no amulet)
Stlth  ++........               (no ring)
                                (no ring)

@: very slightly contaminated, not resistant to hostile enchantments, unstealthy
A: change form in water, swift swim
a: no special abilities


You were on level 2 of the Dungeon.
You were not hungry.

You visited 1 branch of the dungeon, and saw 2 of its levels.

You collected 91 gold pieces.

Inventory:

Hand weapons
 o - a +3 dagger (weapon)
Missiles
 s - 6 silver tomahawks (quivered)
Armour
 a - a +0 robe (worn)
Scrolls
 e - a scroll of fear {unknown}
 h - 4 scrolls of remove curse
 i - 2 scrolls of identify {unknown}
 k - a scroll of random uselessness {unknown}
 n - a scroll of recharging {unknown}
 p - a scroll of enchant weapon {unknown}
 q - a scroll of teleportation {unknown}
Potions
 d - a potion of experience {unknown}
 f - a potion of heal wounds {unknown}
 g - 2 potions of curing {unknown}
 j - a potion of magic {unknown}
 l - a potion of haste {unknown}
 r - a potion of restore abilities {unknown}
Books
 b - a book of Frost

   Spells                             Type                      Level
   a - Freeze                         Ice                          1
   b - Throw Frost                    Conjuration/Ice              2
   c - Ozocubu's Armour               Charms/Ice                   3
   d - Throw Icicle                   Conjuration/Ice              4
   e - Summon Ice Beast               Ice/Summoning                4
   f - Condensation Shield            Ice                          4
Comestibles
 c - a bread ration
 m - a beef jerky
 t - 8 chunks of flesh


   Skills:
 - Level 2.6 Dodging
 - Level 2.1 Stealth
 - Level 2.0 Spellcasting
   Level 0.7 Conjurations
 * Level 1.6 Summonings
 - Level 5.4 Ice Magic


You had 2 spell levels left.
You knew the following spells:

 Your Spells              Type           Power        Failure   Level  Hunger
a - Freeze                Ice            ###.         2%          1    #......
b - Summon Ice Beast      Ice/Summ       ##......     54%         4    #####..


Dungeon Overview and Level Annotations

Branches:
Dungeon (2/15)

Altars:
Nemelex Xobeh


Message History

The gnoll shouts!
There is an open door here.
You close the door.
A gnoll opens the door.
There is an open door here.
The small abomination closely misses you.
The small abomination barely misses you.
The small abomination hits you!!
Ouch! That really hurt!
You take 20 damage.
There is an open door here.
Press: ? - help, v - describe, . - travel
Here: a small abomination (summoned)
The floor.
Drink which item? (? for menu, Esc to quit)
Okay, then.
Read which item? (? for menu, Esc to quit)
Okay, then.
The small abomination hits you!
You die...

############ #..........#
#.########.# ##'########.#
##### #....##.....# #...####
#..†.##.....# #...##..
#....##.....# #...##.#
#....##....@# #...##.#
#....######x# ######<..##.#
#....# ###'####...(........
#....# #.g...............)#
##.######..................#
#......xg.................#
#..............>..........#
#........#'####...g........
#........#.# #..........##


You could see a small abomination and 2 gnolls.

Vanquished Creatures
  Ijyb (D:2)
  2 adders (D:2)
  2 oozes (D:2)
  4 giant cockroaches
  6 hobgoblins
  2 kobolds
  7 bats
  2 giant geckos (D:2)
  A giant newt (D:2)
  3 goblins
  6 jackals
  8 rats
44 creatures vanquished.

Notes
Turn   | Place    | Note
--------------------------------------------------------------
     0 | D:1      | xeno23, the Merfolk Ice Elementalist, began the quest for the Orb.
     0 | D:1      | Reached XP level 1. HP: 13/13 MP: 3/3
   217 | D:1      | Reached XP level 2. HP: 14/19 MP: 0/5
   474 | D:1      | Found a sparkling altar of Nemelex Xobeh.
   505 | D:1      | Reached skill level 4 in Ice Magic
  1226 | D:2      | Reached XP level 3. HP: 21/24 MP: 6/6
  1227 | D:2      | Noticed Ijyb
  1244 | D:2      | Killed Ijyb
  1244 | D:2      | Reached skill level 5 in Ice Magic
  1557 | D:2      | Reached XP level 4. HP: 23/30 MP: 5/7
  1726 | D:2      | Learned a level 4 spell: Summon Ice Beast
  1781 | D:2      | Found a sparkling altar of Nemelex Xobeh.
  1988 | D:2      | Reached skill level 1 in Summonings
  2059 | D:2      | Noticed a small abomination
  2090 | D:2      | Slain by a small abomination

Action                   |  1- 3 |  4- 6 || total
-------------------------+-------+-------++-------
Melee: Dagger            |    18 |    18 ||    36
       Unarmed           |     2 |       ||     2
       Short sword       |    46 |    10 ||    56
 Cast: Freeze            |    32 |    16 ||    48
  Use: Scroll            |     1 |       ||     1
 Stab: Sleeping          |       |     1 ||     1
  Eat: Chunk             |     3 |     2 ||     5
